 Dungeon Crawl Stone Soup version 0.22-a0-458-gb446440d2e (webtiles) character file.

5294 Kriby the Cleaver (level 10, -2/80 HPs)
             Began as a Human Abyssal Knight on June 8, 2018.
             Was a Priest of Lugonu.
             Slain by a freezing wraith (13 damage)
             ... on level 9 of the Dungeon.
             The game lasted 00:19:33 (13151 turns).

Kriby the Cleaver (Human Abyssal Knight)           Turns: 13151, Time: 00:19:33

Health: -2/80      AC: 12    Str: 17    XL:     10   Next: 94%
Magic:  16/16      EV: 10    Int: 12    God:    Lugonu [***...]
Gold:   713        SH:  7    Dex: 12    Spells: 9/9 levels left

rFire    + + +     SeeInvis .   l - +0 war axe (venom)
rCold    . . .     Gourm    .   k - +2 buckler {reflect}
rNeg     + . .     Faith    .   e - +1 ring mail {rN+}
rPois    .         Spirit   .   j - +1 helmet
rElec    +         Reflect  +   (no cloak)
rCorr    .         Harm     .   H - +2 pair of gloves of Zucah {rElec rF+++}
MR       .....                  z - +0 pair of boots
Stlth    +.........             (no amulet)
HPRegen  0.23/turn              (no ring)
MPRegen  0.15/turn              (no ring)

@: slowed, very slow
A: no striking features
a: Depart the Abyss, Bend Space, Banish, Renounce Religion


You were on level 9 of the Dungeon.
You worshipped Lugonu.
Lugonu was most pleased with you.
You were very hungry.

You visited 1 branch of the dungeon, and saw 9 of its levels.
You visited the Abyss 1 time.

You collected 881 gold pieces.
You spent 168 gold pieces at shops.

Inventory:

Hand Weapons
 a - a +1 hand axe of flaming
 l - a +0 war axe of venom (weapon)
 o - a -2 mace
Missiles
 q - 2 javelins (quivered)
Armour
 b - a +0 leather armour
 d - a +0 ring mail
 e - a +1 ring mail of positive energy (worn)
 j - a +1 helmet (worn)
 k - a +2 buckler of reflection (worn)
 m - a +0 pair of gloves
 y - a +0 shield
 z - a +0 pair of boots (worn)
 C - a +0 chain mail
 H - the +2 pair of gloves of Zucah (worn) {rElec rF+++}
   (You found it on level 8 of the Dungeon)

   It renders you almost immune to fire.
   It insulates you from electricity.
Jewellery
 f - an uncursed amulet of harm
 t - a cursed -3 ring of protection {unknown}
Wands
 u - a wand of enslavement (1)
 A - a wand of random effects (17)
 G - a wand of polymorph (12)
Scrolls
 g - 3 scrolls of amnesia
 h - 9 scrolls of identify {@r1}
 i - 3 scrolls of blinking {@r4}
 n - 5 scrolls of remove curse {@r2}
 p - a scroll of enchant armour
 r - a scroll of teleportation {@r3}
 s - 2 scrolls of magic mapping
 v - a scroll of immolation
Potions
 E - a potion of brilliance
Comestibles
 c - 16 rations {@e1}


   Skills:
 + Level 8.2 Fighting
 * Level 10.8 Axes
 - Level 2.0 Armour
 - Level 1.0 Dodging
 - Level 4.0 Shields
 + Level 8.0 Invocations


You had 9 spell levels left.
You didn't know any spells.
Your spell library contained the following spells:

 Spells                   Type           Power        Failure   Level  Hunger
 Cause Fear               Hex            #.........   99%         4    #####..
 Magic Dart               Conj           #...         52%         1    ##.....
 Conjure Flame            Conj/Fire      #.......     87%         3    ####...
 Slow                     Hex            #.......     65%         2    ###....
 Freezing Cloud           Conj/Ice/Air   #.........   100%        6    #######
 Mephitic Cloud           Conj/Pois/Air  #.......     87%         3    ####...
 Ring of Flames           Chrm/Fire      #.........   100%        7    #######
 Blink                    Tloc           N/A          65%         2    ###....
 Call Imp                 Summ           #.......     65%         2    ###....
 Ensorcelled Hibernation  Hex/Ice        #.....       65%         2    ###....
 Corona                   Hex            #......      52%         1    ##.....
 Portal Projectile        Hex/Tloc       #.....       87%         3    ####...
 Leda's Liquefaction      Hex/Erth       #.........   99%         4    #####..
 Inner Flame              Hex/Fire       #.......     87%         3    ####...
 Poisonous Vapours        Pois/Air       #.....       65%         2    ###....


Dungeon Overview and Level Annotations

Branches:
Dungeon (9/15)             Temple (0/1) D:7             Orc (0/2) D:9
   Lair: D:8-11

Altars:
Cheibriados
Elyvilon
Gozag
Hepliaklqana
Makhleb
Nemelex Xobeh
Qazlal
Vehumet
Xom
Yredelemnul
Zin

Shops:
D:4 %   D:6 (   D:9 *

Annotations:
D:4 Banto's ghost, amateur OpIE
D:8 NihilVerum's ghost, novice OgMo


Message History

The freezing wraith hits you but does no damage.
You block the freezing wraith's attack.
You hit the freezing wraith but do no damage.
The freezing wraith is moderately damaged.
The freezing wraith hits you but does no damage.
The freezing wraith closely misses you. The freezing wraith hits you.
The freezing wraith freezes you! The freezing wraith hits you!
* * * LOW HITPOINT WARNING * * *
The freezing wraith drains your vigour!
You feel as though you will be slow longer.
You hit the freezing wraith.
The freezing wraith is moderately damaged.
You block the freezing wraith's attack.
The freezing wraith hits you but does no damage.
You closely miss the freezing wraith.
The freezing wraith is moderately damaged.
The freezing wraith hits you.
* * * LOW HITPOINT WARNING * * *
The freezing wraith freezes you!
You die...

#≈⌠.⌠≈# #......###.≈.≈.≈.#
#≈≈≈≈≈# #......# #≈##'##≈#
####### #.###### ###...###
############.####### #.#.#
........>......(...####...#####
################(#...###'###..#
..)............')#...# #.# ##.#
...............#W#.#.# ### #.#
############..##@#.#.# #.#
........# #((.#..#.#.# #.#
.....Y..###...#..#.#.########.##
######Y.##...##..#.#...........#
... #..#....#...#.#############
W.. #......##...#.########## ##.
#....###....#.........>#
#..####......#######.####
#+##.........#..[.......#


You could see a freezing wraith.

Vanquished Creatures
  Pikel (D:7)
  A manticore (D:9)
  A troll (D:9)
  2 hippogriffs
  4 yaks (D:9)
  Sigmund (D:6)
  Eustachio (D:6)
  2 hungry ghosts
  2 sky beasts
  An orc warrior (D:9)
  3 ice beasts
  A slave (D:7)
  2 black bears
  6 ogres
  2 centaurs (D:9)
  3 bullfrogs
  A big kobold (D:9)
  A bullfrog zombie (D:8)
  2 crimson imps
  An iron imp (D:7)
  5 jellies
  3 orc priests
  2 centaur skeletons
  8 hounds
  2 orc wizards
  Jessica (D:3)
  2 iguanas
  2 worker ants (D:4)
  3 hound zombies
  A howler monkey zombie (D:8)
  7 adders
  A howler monkey skeleton (D:4)
  2 shadow imps (D:5)
  A worker ant simulacrum (D:9)
  6 oozes
  2 worms
  A dart slug (D:1)
  6 leopard geckos
  21 orcs
  A ball python (D:3)
  6 bats
  6 giant cockroaches
  8 goblins
  9 hobgoblins
  4 jackals (D:2)
  5 quokkas
  3 frilled lizards
  A giant cockroach zombie (D:5)
  14 kobolds
  2 leopard gecko skeletons
  5 rats
  A fungus (D:2)
179 creatures vanquished.

Vanquished Creatures (collateral kills)
  A jelly (D:9)
  An orc wizard (D:9)
  An adder (D:8)
  A leopard gecko (D:9)
  A kobold (D:9)
5 creatures vanquished.

Vanquished Creatures (others)
  An orc warrior (D:9)
  2 iron imps (D:7)
  A shadow imp (D:9)
  2 lurking horrors (Abyss:1)
  2 starspawn tentacles (Abyss:1)
8 creatures vanquished.

Grand Total: 192 creatures vanquished

Notes
Turn   | Place    | Note
-------+----------+-------------------------------------------
     0 | Abyss:1  | Kriby the Human Abyssal Knight began the quest for the Orb.
     0 | Abyss:1  | Reached XP level 1. HP: 18/18 MP: 2/2
   101 | Abyss:1  | Noticed a worldbinder
   184 | Abyss:1  | Noticed a tentacled starspawn
   204 | D:1      | Escaped the Abyss
   421 | D:1      | Reached XP level 2. HP: 20/24 MP: 3/3
   622 | D:1      | Reached * piety under Lugonu
   622 | D:1      | Reached XP level 3. HP: 26/29 MP: 4/4
   783 | D:1      | Reached skill level 3 in Axes
  2082 | D:2      | Reached XP level 4. HP: 35/35 MP: 5/5
  2722 | D:2      | Found a snail-covered altar of Cheibriados.
  3388 | D:3      | Noticed Jessica
  3394 | D:3      | Killed Jessica
  3394 | D:3      | Reached skill level 4 in Axes
  3394 | D:3      | Reached skill level 1 in Shields
  3394 | D:3      | Reached XP level 5. HP: 40/42 MP: 6/6
  3394 | D:3      | Reached ** piety under Lugonu
  3407 | D:3      | Identified Jessica's Incunabulum of Malediction
  3596 | D:3      | Found a shimmering altar of Xom.
  3764 | D:4      | Noticed Banto's ghost (amateur OpIE)
  4099 | D:4      | Found Fulology's Food Boutique.
  4156 | D:4      | Reached XP level 6. HP: 31/48 MP: 7/7
  5092 | D:5      | Entered Level 5 of the Dungeon
  5265 | D:5      | Found a stormy altar of Qazlal.
  5325 | D:5      | Found Zin's Purification Station.
  5330 | D:5      | Found a glowing silver altar of Zin.
  5333 | D:5      | Bought a potion of curing for 90 gold pieces
  5464 | D:5      | Found an opulent altar of Gozag.
  5541 | D:5      | Noticed an ice beast
  5565 | D:5      | Killed an ice beast
  5565 | D:5      | Reached skill level 5 in Axes
  5565 | D:5      | Reached XP level 7. HP: 22/55 MP: 9/9
  6744 | D:6      | Found a hazy altar of Hepliaklqana.
  6804 | D:6      | Noticed Sigmund
  6895 | D:6      | Killed Sigmund
  6895 | D:6      | Reached skill level 6 in Axes
  6895 | D:6      | Reached XP level 8. HP: 46/61 MP: 10/10
  7045 | D:6      | Reached skill level 5 in Fighting
  7323 | D:6      | Found Afodugo's Antique Weapon Shoppe.
  7356 | D:6      | Noticed Eustachio
  7363 | D:6      | Killed Eustachio
  7910 | D:7      | Found a radiant altar of Vehumet.
  7918 | D:7      | Reached skill level 7 in Axes
  7976 | D:7      | Noticed a hippogriff
  7990 | D:7      | Killed a hippogriff
  7990 | D:7      | Reached skill level 5 in Invocations
  7990 | D:7      | Reached XP level 9. HP: 37/69 MP: 12/12
  8445 | D:7      | Noticed Pikel
  8471 | D:7      | Killed Pikel
  8471 | D:7      | Reached skill level 8 in Axes
  8701 | D:7      | Found a staircase to the Ecumenical Temple.
  8709 | D:7      | Found a white marble altar of Elyvilon.
  8862 | D:7      | Found a sparkling altar of Nemelex Xobeh.
  8953 | D:7      | Found a basalt altar of Yredelemnul.
  9058 | D:7      | Found a burning altar of Makhleb.
  9237 | D:8      | Noticed a hippogriff
  9477 | D:8      | Killed a hippogriff
  9818 | D:8      | Reached skill level 9 in Axes
  9833 | D:8      | Noticed NihilVerum's ghost (novice OgMo)
 10304 | D:8      | Reached *** piety under Lugonu
 10500 | D:9      | Reached XP level 10. HP: 77/77 MP: 14/14
 11433 | D:8      | Got a pair of distressingly furry gloves
 11444 | D:8      | Identified the +2 pair of gloves of Zucah {rElec rF+++} (You found it on level 8 of the Dungeon)
 11478 | D:9      | Found a staircase to the Orcish Mines.
 11814 | D:9      | Reached skill level 10 in Axes
 11884 | D:9      | Noticed a manticore
 11901 | D:9      | Killed a manticore
 12453 | D:9      | Found Gewubau's General Store.
 12458 | D:9      | Bought a scroll of teleportation for 36 gold pieces
 12458 | D:9      | Bought a scroll of immolation for 42 gold pieces
 13107 | D:9      | Noticed a freezing wraith
 13151 | D:9      | Slain by a freezing wraith

Vault maps used:
D:1:      saegor_arrival_simple_d
D:2:      lemuel_doored_altar, minmay_gold_behind_fungi, cheibrodos_gnoll_hut
D:3:      marbit_many_paths, minmay_crystal_room, minmay_misc_feat_doors,
          kennysheep_jessica_study
D:4:      gammafunk_temple_overflow_claw, serial_shops, shop_coins
D:5:      nicolae_qazlal_general_emergency, zin_purify, first_ration,
          nicolae_gozag_cash_rules_everything_around_me
D:6:      black_bear_nest_2, lemuel_crystal_altar, serial_shops,
          nicolae_shop_behind_doors, serial_glass, glass_columns_a,
          glass_columns_b, uniq_sigmund, uniq_eustachio
D:7:      kennysheep_ying_yang, nicolae_overflow_crystal_walls, demons_altar,
          overflow_temple_1_default, minmay_temple_entry_butterflies, uniq_pikel
D:9:      minmay_quarter_circles, david_orc_3, serial_shops,
          kennysheep_little_box, hangedman_little_slice_of_home, nooodl_food_tri

Skill      XL: |  1  2  3  4  5  6  7  8  9 10 |
---------------+-------------------------------+-----
Axes           | 3 4 5 6 7 9 10 | 10.8
Shields        | 1 2 3 4 |  4.0
Fighting       | 4 5 6 8 |  8.2
Invocations    | 3 5 6 8 |  8.0
Armour         | |  2.0
Dodging        | |  1.0

Action                   |  1- 3 |  4- 6 |  7- 9 | 10-12 || total
-------------------------+-------+-------+-------+-------++-------
Melee: Hand axe          |   130 |   300 |   276 |    78 ||   784
       War axe           |       |       |       |   119 ||   119
Throw: Javelin           |       |     2 |     2 |       ||     4
Invok: Depart the Abyss  |     1 |       |       |       ||     1
       Bend Space        |       |       |     4 |       ||     4
       Banish            |       |       |     1 |     2 ||     3
Evoke: Wand              |       |       |    10 |     7 ||    17
  Use: Scroll            |     4 |     6 |       |    10 ||    20
       Potion            |     1 |     4 |     3 |     2 ||    10
 Stab: Invisible         |       |     3 |       |       ||     3
       Betrayed ally     |       |       |     1 |       ||     1
       Distracted        |       |       |       |     1 ||     1
  Eat: Chunk             |     4 |     8 |    10 |     7 ||    29
       Ration            |       |     1 |     2 |     1 ||     4
Armor: Ring mail         |    42 |   105 |   114 |    74 ||   335
Dodge: Dodged            |    60 |   129 |   121 |    80 ||   390
Block: Buckler           |       |    86 |    72 |    76 ||   234
       Reflection        |       |     6 |     1 |     2 ||     9

Table legend:
 A = Spawn XP
 B = Non-spawn XP
 C = Spawn XP percentage of total XP
 D = Spawn monster count
 E = Non-spawn monster count
 F = Spawn count percentage of total count
 G = Total turns spent on level
                    A         B        C        D         E        F      G
               +---------+---------+-------+---------+---------+-------+---------
         Total |       0 |    7563 |   0.0 |       0 |     184 |   0.0 | 13151
               +---------+---------+-------+---------+---------+-------+---------
           D:1 |       0 |      55 |   0.0 |       0 |      27 |   0.0 |  1613
           D:2 |       0 |      28 |   0.0 |       0 |      13 |   0.0 |  1207
           D:3 |       0 |     100 |   0.0 |       0 |      27 |   0.0 |   748
           D:4 |       0 |     166 |   0.0 |       0 |      13 |   0.0 |  1495
           D:5 |       0 |     281 |   0.0 |       0 |      10 |   0.0 |  1276
           D:6 |       0 |    1005 |   0.0 |       0 |      10 |   0.0 |  1372
           D:7 |       0 |    1566 |   0.0 |       0 |      13 |   0.0 |  1859
           D:8 |       0 |    1005 |   0.0 |       0 |      22 |   0.0 |  1473
           D:9 |       0 |    3357 |   0.0 |       0 |      49 |   0.0 |  1904
               +---------+---------+-------+---------+---------+-------+---------
